 Dungeon Crawl Stone Soup version 0.22.0-40-g68aacdc (webtiles) character file.

34168 suicidejoker the Unseen (level 13, -8/90 HPs)
             Began as an Octopode Monk on Sept 2, 2018.
             Was an Initiate of Gozag.
             Mangled by a phantasmal warrior (35 damage)
             ... summoned by a vampire mage
             ... on level 15 of the Dungeon.
             The game lasted 00:44:37 (16698 turns).

suicidejoker the Unseen (Octopode Monk)            Turns: 16698, Time: 00:44:38

Health: -8/90      AC:  8    Str: 14    XL:     13   Next: 75%
Magic:  22/22      EV: 21    Int: 12    God:    Gozag
Gold:   364        SH: 15    Dex: 14    Spells: 12/12 levels left

rFire    + . .     SeeInvis .   r - +8 trident (protect)
rCold    + + .     Gourm    .   d - +5 shield
rNeg     + . .     Faith    .   (helmet restricted)
rPois    +         Spirit   .   (no amulet)
rElec    .         Reflect  .   g - ring of protection from cold
rCorr    .         Harm     .   i - ring of protection from cold
MR       +....                  v - ring of Xogac {Wiz rF+ MR+ Str-2 Slay+2}
Stlth    +++++++...             o - +4 ring of evasion
HPRegen  0.25/turn              h - ring of the Dragon {rPois rN+}
MPRegen  0.18/turn              A - ring of magical power
                                E - ring of flight
                                (no ring)

@: about to teleport, protection aura, very slightly contaminated, drained
A: almost no armour, stealthy swim, amphibious, 8 rings, constrict 8, camouflage
1, gelatinous body 1
a: Potion Petition, Call Merchant, Bribe Branch, Renounce Religion, Evoke Flight


You were on level 15 of the Dungeon.
You worshipped Gozag.
Gozag was aware of your devotion.
You were near starving.

You visited 1 branch of the dungeon, and saw 15 of its levels.
You also visited: Bailey.

You collected 3843 gold pieces.
You spent 645 gold pieces at shops.
You paid 2834 gold pieces to Gozag.

Inventory:

Hand Weapons
 r - a +8 trident of protection (weapon)
 t - a +0 great mace of distortion
 u - a +0 scimitar of flaming
 z - the +9 dagger "Fogruh" {chaos, Str+4}
   (You found it on level 9 of the Dungeon)

   Each time it hits an enemy it has a different, random effect.
   It affects your strength (+4).
 F - a +5 great sword
 M - a +3 war axe
Missiles
 H - 45 tomahawks of returning (quivered)
Armour
 d - a +5 shield (worn)
Jewellery
 g - a ring of protection from cold (left tentacle)
 h - the ring of the Dragon (on tentacle) {rPois rN+}
   (You acquired it on level 13 of the Dungeon)

   [ring of poison resistance]

   It protects you from poison.
   It protects you from negative energy.
 i - a ring of protection from cold (right tentacle)
 o - a +4 ring of evasion (on tentacle)
 v - the ring of Xogac (on tentacle) {Wiz rF+ MR+ Str-2 Slay+2}
   (You bought it in a shop on level 8 of the Dungeon)

   [ring of wizardry]

   It improves your spell success rate.
   It affects your strength (-2).
   It affects your accuracy and damage with ranged weapons and melee attacks
   (+2).
   It protects you from fire.
   It affects your resistance to hostile enchantments.
 A - a ring of magical power (on tentacle)
 E - a ring of flight (on tentacle)
Wands
 j - a wand of polymorph (10)
 q - a wand of paralysis (23)
 x - a wand of flame (1)
 B - a wand of random effects (20)
Scrolls
 b - 3 scrolls of magic mapping
 f - 5 scrolls of enchant armour
 s - 2 scrolls of amnesia
 y - a scroll of teleportation
 C - 6 scrolls of identify
 K - a scroll of summoning {unknown}
Potions
 e - 3 potions of curing
 l - a potion of cancellation
 m - 3 potions of agility
 n - 2 potions of flight
 p - 5 potions of brilliance
 D - a potion of magic
Miscellaneous
 k - a lightning rod (inert)
 w - a phial of floods (inert)
Comestibles
 a - 9 rations


   Skills:
 + Level 9.0(8.7) Fighting
 + Level 7.5(7.2) Polearms
 + Level 9.0(8.6) Dodging
 * Level 16.0(15.6) Stealth
 + Level 8.3(7.9) Shields
 * Level 12.1(11.7) Unarmed Combat


You had 12 spell levels left.
You didn't know any spells.
Your spell library contained the following spells:

 Spells                   Type           Power        Failure   Level  Hunger
 Animate Skeleton         Necr           N/A          32%         1    ##.....
 Apportation              Tloc           #.....       32%         1    ##.....
 Confusing Touch          Hex            #.....       32%         1    ##.....
 Freeze                   Ice            #...         32%         1    ##.....
 Magic Dart               Conj           #...         32%         1    ##.....
 Summon Small Mammal      Summ           #...         32%         1    ##.....
 Blink                    Tloc           N/A          43%         2    ###....
 Call Imp                 Summ           #.......     43%         2    ###....
 Poisonous Vapours        Pois/Air       #.....       43%         2    ###....
 Slow                     Hex            #.......     43%         2    ###....
 Throw Frost              Conj/Ice       #.....       43%         2    ###....
 Conjure Flame            Conj/Fire      #.......     65%         3    ####...
 Mephitic Cloud           Conj/Pois/Air  #.......     65%         3    ####...
 Ozocubu's Armour         Chrm/Ice       #.......     65%         3    ####...
 Summon Ice Beast         Ice/Summ       #.......     95%         4    #####..
 Throw Icicle             Conj/Ice       #.......     95%         4    #####..
 Freezing Cloud           Conj/Ice/Air   #.........   100%        6    #######
 Ring of Flames           Chrm/Fire      #.........   100%        7    #######


Dungeon Overview and Level Annotations

Branches:
Dungeon (14/15)            Temple (0/1) D:5            Lair (0/6) D:11
    Orc (0/2) D:11         Vaults (0/5) D:13         Depths (0/5) D:15

Altars:
Ashenzari
Dithmenos
Elyvilon
Fedhas
Gozag
Kikubaaqudgha
Makhleb
Nemelex Xobeh
Okawaru
Ru
Sif Muna
Trog
Uskayaw
Vehumet
Wu Jian
Xom

Shops:
D:2 *   D:8 =

Annotations:
D:13 3 runed doors, Nitant's ghost, journeyman MiBe


Innate Abilities, Weirdness & Mutations

You cannot wear most types of armour.
You are very stealthy in the water. (Stealth+)
You are amphibious.
You can wear up to eight rings at the same time.
You can use your tentacles to constrict eight enemies at once.
Your skin changes colour to match your surroundings (Stealth+).
Your rubbery body absorbs attacks. (AC +1, EV +1)


Message History

As you read the scroll of blinking, it crumbles to dust.
The phantasmal warrior blinks!
The phantasmal warrior blinks!
The phantasmal warrior blinks!
As you read the scroll of teleportation, it crumbles to dust.
You feel strangely unstable.
The phantasmal warrior completely misses you.
You hit the flying skull.
Your weapon exudes an aura of protection.
You grab the flying skull.
The flying skull is lightly damaged.
You constrict the flying skull, but do no damage.
The flying skull hits you.
* * * LOW HITPOINT WARNING * * *
The phantasmal warrior misses you. The flying skull closely misses you.
You feel better.
You constrict the flying skull, but do no damage.
The phantasmal warrior hits you!!
You die...
Your body crumbles into a pile of gold.

#################################
............V..z@W...............
...###..##..##################...
...# #..##..##################...
...# #..##.z....V................
...# #..##....z..................
................{ยง...............
#################'###########....
..............)...# #....
...............)..# #....


You could see a phantasmal warrior, a vampire and a flying skull.

Vanquished Creatures
  Kirke (D:12)
  Josephine (D:12)
  2 vault guards (D:13)
  A hydra (D:14)
  A tengu warrior (D:15)
  4 two-headed ogres
  Sonja (D:13)
  Nergalle (D:12)
  2 slime creatures (D:12)
  2 unseen horrors
  A necromancer (D:15)
  2 wizards (D:13)
  3 orc knights
  5 ugly things (D:15)
  2 orc sorcerers (D:15)
  2 manticores (D:13)
  A deep elf mage (D:13)
  Joseph (D:7)
  A kobold demonologist (D:12)
  An efreet (D:15)
  A tengu conjurer (D:14)
  5 trolls
  Prince Ribbit (D:5)
  A hornet (D:10)
  A hippogriff (D:14)
  A meliai zombie (D:13)
  3 wyverns
  4 wraiths (D:12)
  Eustachio (D:6)
  A basilisk (D:15)
  16 humans (D:13)
  A hog (D:12)
  14 yaks
  2 hungry ghosts
  6 vampire mosquitoes
  An acid dragon (D:11)
  Edmund (D:6)
  A water moccasin (D:6)
  10 orc warriors
  4 ice beasts
  2 phantoms
  2 black bears
  2 sky beasts
  A necrophage (D:14)
  7 ogres
  2 centaurs
  4 big kobolds
  6 bullfrogs
  A gnoll sergeant (D:6)
  A wyvern zombie (D:8)
  3 scorpions
  4 wights (D:10)
  6 killer bees
  3 howler monkeys
  9 crimson imps
  3 centaur zombies
  Crazy Yiuf (D:5)
  A centaur skeleton (D:4)
  5 hounds
  6 orc priests
  3 bullfrog skeletons
  A bullfrog zombie (D:9)
  8 jellies
  17 orc wizards
  Jessica (D:3)
  An iguana (D:6)
  Natasha (D:2)
  7 worker ants
  A hound skeleton (D:6)
  A worker ant zombie (D:6)
  Robin (D:2)
  5 gnolls
  11 adders
  7 oozes
  An adder skeleton (D:5)
  A worm (D:9)
  3 dart slugs
  A leopard gecko (D:1)
  42 orcs
  4 giant cockroaches
  25 goblins
  12 hobgoblins
  19 jackals
  41 kobolds
  6 quokkas
  8 bats
  5 frilled lizards
  2 jackal zombies
  A leopard gecko skeleton (D:4)
  12 rats
427 creatures vanquished.

Vanquished Creatures (collateral kills)
  A necromancer (D:13)
  3 humans (D:13)
  An orc warrior (D:15)
5 creatures vanquished.

Vanquished Creatures (others)
  An orc wizard (D:9)
  An orc (D:12)
2 creatures vanquished.

Grand Total: 434 creatures vanquished

Notes
Turn   | Place    | Note
-------+----------+-------------------------------------------
     0 | D:1      | suicidejoker the Octopode Monk began the quest for the Orb.
     0 | D:1      | Reached XP level 1. HP: 16/16 MP: 1/1
    68 | D:1      | Reached skill level 3 in Stealth
    70 | D:1      | Reached XP level 2. HP: 17/21 MP: 2/2
   186 | D:1      | HP: 1/21 [goblin/club (1)]
   638 | D:1      | Reached XP level 3. HP: 22/26 MP: 3/3
  1176 | D:2      | Reached skill level 4 in Stealth
  1272 | D:2      | Found an ornate altar of the Wu Jian Council.
  1293 | D:2      | Reached XP level 4. HP: 23/31 MP: 4/4
  1497 | D:2      | Found a shadowy altar of Dithmenos.
  1506 | D:2      | Noticed Natasha
  1512 | D:2      | Killed Natasha
  1512 | D:2      | Reached skill level 1 in Shields
  1578 | D:2      | Noticed Robin
  1588 | D:2      | Killed Robin
  1606 | D:2      | Reached XP level 5. HP: 17/36 MP: 5/5
  1784 | D:2      | Found an opulent altar of Gozag.
  1869 | D:2      | Found Gozag's Platinum Reserve.
  2022 | D:2      | Became a worshipper of Gozag Ym Sagoz the Greedy
  2063 | D:4      | Reached skill level 5 in Stealth
  2117 | D:4      | Reached XP level 6. HP: 8/43 MP: 6/6
  2781 | D:3      | Noticed Jessica
  2787 | D:3      | Killed Jessica
  2982 | D:3      | Found a shimmering altar of Xom.
  2982 | D:3      | Found a shimmering altar of Xom.
  2982 | D:3      | Found a shimmering altar of Xom.
  2982 | D:3      | Found a shimmering altar of Xom.
  3621 | D:4      | Reached skill level 6 in Stealth
  3621 | D:4      | Reached XP level 7. HP: 48/48 MP: 7/7
  3707 | D:4      | Reached skill level 5 in Unarmed Combat
  3890 | D:4      | Found a burning altar of Makhleb.
  3890 | D:4      | Found a sacrificial altar of Ru.
  3901 | D:4      | Found a blossoming altar of Fedhas.
  4175 | D:4      | Found an iron altar of Okawaru.
  4175 | D:4      | Found a deep blue altar of Sif Muna.
  4176 | D:4      | Found a radiant altar of Vehumet.
  4177 | D:4      | Found a shattered altar of Ashenzari.
  4178 | D:4      | Found a hide-covered altar of Uskayaw.
  4180 | D:4      | Found a sparkling altar of Nemelex Xobeh.
  4322 | D:5      | Entered Level 5 of the Dungeon
  4411 | D:5      | Found a staircase to the Ecumenical Temple.
  4442 | D:5      | Found a white marble altar of Elyvilon.
  4508 | D:5      | Reached skill level 7 in Stealth
  4541 | D:5      | Noticed Prince Ribbit
  4550 | D:5      | Killed Prince Ribbit
  4550 | D:5      | Reached XP level 8. HP: 40/54 MP: 8/8
  4702 | D:5      | Found an iron altar of Okawaru.
  5056 | D:5      | Found a runed door.
  5094 | D:5      | Noticed Crazy Yiuf
  5099 | D:5      | Killed Crazy Yiuf
  5157 | D:6      | Reached skill level 8 in Stealth
  5181 | D:6      | Noticed Eustachio
  5212 | D:6      | Killed Eustachio
  5212 | D:6      | Reached skill level 1 in Polearms
  5229 | D:6      | Reached skill level 5 in Fighting
  5233 | D:6      | Reached skill level 5 in Dodging
  5343 | D:6      | Reached XP level 9. HP: 29/61 MP: 9/9
  5353 | D:6      | Reached skill level 9 in Stealth
  5646 | D:6      | Noticed Edmund
  5658 | D:6      | Killed Edmund
  6327 | D:7      | Noticed Joseph
  6343 | D:7      | Killed Joseph
  6343 | D:7      | Reached skill level 10 in Stealth
  6760 | D:8      | Reached XP level 10. HP: 68/68 MP: 10/10
  6903 | D:8      | Found Foas's Jewellery Shoppe.
  6923 | D:8      | Bought the ring of Xogac {Wiz rF+ MR+ Str-2 Slay+2} for 645 gold pieces
  7506 | D:9      | Noticed a two-headed ogre
  7519 | D:9      | Killed a two-headed ogre
  7519 | D:9      | Reached skill level 11 in Stealth
  7519 | D:9      | Reached skill level 5 in Shields
  7532 | D:9      | Got a crude dagger
  7552 | D:9      | Got an ebony hunting sling
  7555 | D:9      | Identified the +9 dagger "Fogruh" {chaos, Str+4} (You found it on level 9 of the Dungeon)
  7556 | D:9      | Identified the +6 hunting sling of Siffouf {flame, *Drain +Fly rPois rN++} (You found it on level 9 of the Dungeon)
  8463 | D:9      | Noticed a moth of wrath
  8466 | D:9      | Found a bloodstained altar of Trog.
  8567 | D:10     | Entered Level 10 of the Dungeon
  8570 | D:10     | Found an ancient bone altar of Kikubaaqudgha.
  8718 | D:10     | Reached skill level 12 in Stealth
  8718 | D:10     | Reached XP level 11. HP: 53/74 MP: 11/11
  9854 | D:11     | Killed an unseen horror
 10178 | D:11     | Found a staircase to the Lair.
 10497 | D:11     | Found a staircase to the Orcish Mines.
 10623 | D:11     | Reached skill level 5 in Polearms
 10825 | D:12     | Killed an unseen horror
 10982 | D:12     | Noticed Josephine
 11094 | D:12     | Killed Josephine
 11094 | D:12     | Reached skill level 13 in Stealth
 11458 | D:12     | Reached skill level 10 in Unarmed Combat
 11757 | D:12     | Noticed Kirke
 11768 | D:12     | Killed Kirke
 11768 | D:12     | Reached XP level 12. HP: 81/81 MP: 12/12
 11786 | D:12     | Found a sacrificial altar of Ru.
 11858 | D:12     | Noticed Nergalle
 11858 | D:12     | Noticed a two-headed ogre
 11866 | D:12     | Killed Nergalle
 11870 | D:12     | Killed a two-headed ogre
 11876 | D:12     | Noticed a two-headed ogre
 11886 | D:12     | Killed a two-headed ogre
 12264 | D:12     | Reached skill level 14 in Stealth
 12649 | D:13     | Found a flagged portal.
 12662 | Bailey   | Entered a bailey
 13420 | D:13     | Noticed Nitant's ghost (journeyman MiBe)
 13425 | D:13     | Found a runed gate.
 13425 | D:13     | Found a runed gate.
 13520 | D:13     | Noticed a vault guard
 13571 | D:13     | Killed a vault guard
 13574 | D:13     | Noticed a vault guard
 13582 | D:13     | Killed a vault guard
 13582 | D:13     | Reached XP level 13. HP: 74/89 MP: 13/13
 13593 | D:13     | Reached skill level 15 in Stealth
 13857 | D:13     | Found a gate to the Vaults.
 14022 | D:13     | Found a runed gate.
 14345 | D:13     | Noticed Sonja
 14519 | D:13     | Killed Sonja
 14603 | D:13     | Identified a scroll of acquirement
 14604 | D:13     | Got a crude silver ring
 14605 | D:13     | Identified the ring of the Dragon {rPois rN+} (You acquired it on level 13 of the Dungeon)
 15182 | D:14     | You fall through a shaft!
 15182 | D:15     | Entered Level 15 of the Dungeon
 15615 | D:15     | Found a staircase to the Depths.
 15982 | D:15     | HP: 2/90 [white ugly thing (9)]
 16333 | D:15     | Reached skill level 16 in Stealth
 16698 | D:15     | Mangled by a phantasmal warrior

Skill      XL: |  1  2  3  4  5  6  7  8  9 10 11 12 13 |
---------------+----------------------------------------+-----
Stealth        | 3 4 5 6 7 8 10 12 13 14 16 | 16.0
Shields        | 1 2 3 4 5 6 7 8 |  8.3
Unarmed Combat | 4 5 6 7 9 10 11 12 | 12.1
Fighting       | 4 5 6 7 8 9 |  9.0
Dodging        | 4 5 6 7 8 9 |  9.0
Polearms       | 1 3 4 5 6 7 |  7.5

Action                   |  1- 3 |  4- 6 |  7- 9 | 10-12 | 13-15 || total
-------------------------+-------+-------+-------+-------+-------++-------
Melee: Unarmed           |    85 |   142 |    75 |       |       ||   302
       Constrict         |    26 |    41 |    32 |    63 |    20 ||   182
       Tentacles         |    15 |    32 |    40 |    92 |    37 ||   216
       Punch             |     1 |     3 |     6 |    32 |    16 ||    58
       Trident           |       |       |   167 |   573 |   230 ||   970
       Dagger            |       |       |       |     3 |       ||     3
Invok: Potion Petition   |       |     1 |     1 |     2 |     3 ||     7
Evoke: Wand              |       |       |       |    30 |    30 ||    60
       Lightning rod     |       |       |       |     4 |     3 ||     7
       Phial of floods   |       |       |       |     1 |     1 ||     2
       Phantom mirror    |       |       |       |       |     1 ||     1
  Use: Potion            |       |     5 |     4 |     4 |     4 ||    17
       Scroll            |       |       |    24 |    16 |     9 ||    49
 Stab: Sleeping          |    11 |    11 |    25 |    35 |    12 ||    94
       Distracted        |       |     6 |     1 |    10 |     3 ||    20
       Paralysed         |       |       |       |    16 |     5 ||    21
  Eat: Chunk             |     1 |     2 |       |       |       ||     3
       Ration            |       |     2 |     3 |     7 |     2 ||    14
Armor: Skin              |     8 |     5 |     8 |    43 |    19 ||    83
Dodge: Dodged            |    48 |    81 |   109 |   218 |   145 ||   601
Block: Shield            |    17 |    40 |   137 |   289 |   145 ||   628
